 Dungeon Crawl Stone Soup version 0.27.0-1-g7a08968 (webtiles) character file.

Game seed: 1239689020840555261

1633 Illumine the Chiller (level 8, -10/60 HPs)
             Began as a Gnoll Ice Elementalist on Aug 24, 2021.
             Was an Initiate of Cheibriados.
             Mangled by a two-headed ogre (25 damage)
             ... on level 7 of the Dungeon.
             The game lasted 00:14:16 (7123 turns).

Illumine the Chiller (Gnoll Ice Elementalist)       Turns: 7123, Time: 00:14:16

Health: -10/60     AC: 15    Str:  8    XL:     8   Next: 98%
Magic:  11/17      EV: 14    Int: 17    God:    Cheibriados [......]
Gold:   502        SH:  0    Dex: 15    Spells: 8/19 levels left

rFire    . . .     SeeInvis .   D - +0 quarterstaff
rCold    . . .     Faith    .   (shield currently unavailable)
rNeg     . . .     Spirit   .   a - +0 robe
rPois    .         Reflect  .   (no helmet)
rElec    .         Harm     .   I - +2 cloak {rCorr}
rCorr    +         Rampage  .   b - +0 pair of gloves
Will     .....                  c - +0 pair of boots
Stlth    +++.......             A - amulet of magic regeneration
HPRegen  0.20/turn              j - ring of flight
MPRegen  0.40/turn              (no ring)

@: ice-armoured, about to teleport, freezing walls, flying, very slow
A: fangs 1, strong nose, distributed training
a: Renounce Religion, Bend Time


You were on level 7 of the Dungeon.
You worshipped Cheibriados.
Cheibriados was noncommittal.
You visited 2 branches of the dungeon, and saw 8 of its levels.

You collected 502 gold pieces.

Inventory:

Hand Weapons
 d - a +0 hunting sling
 y - a +0 whip of holy wrath
 z - a +0 morningstar
 D - a +0 quarterstaff (weapon)
Missiles
 p - 2 throwing nets
Armour
 a - a +0 robe (worn)
 b - a +0 pair of gloves (worn)
 c - a +0 pair of boots (worn)
 I - a +2 cloak of preservation (worn)
Jewellery
 j - a ring of flight (left hand)
 A - an amulet of magic regeneration (around neck)
Wands
 F - a wand of flame (9)
 H - a wand of digging (6)
Scrolls
 f - 2 scrolls of noise {unknown}
 g - 2 scrolls of enchant weapon {unknown}
 h - a scroll of summoning {unknown}
 i - a scroll of blinking {unknown}
 l - a scroll of magic mapping
 o - 2 scrolls of fog {unknown}
 q - 2 scrolls of teleportation
 r - 2 scrolls of vulnerability {unknown}
 s - a scroll of acquirement {unknown}
 t - 4 scrolls of identify {unknown}
 v - 2 scrolls of amnesia {unknown}
 x - a scroll of enchant armour {unknown}
 C - a scroll of torment {unknown}
Potions
 e - 3 potions of might {unknown}
 k - 4 potions of curing {unknown}
 m - a potion of flight {unknown}
 n - 2 potions of heal wounds {unknown}
 u - a potion of lignification {unknown}
 w - a potion of attraction {unknown}
 B - 2 potions of cancellation {unknown}
 G - a potion of magic {unknown}


   Skills:
 + Level 3.7 Fighting
 + Level 3.7 Short Blades
 + Level 3.7 Long Blades
 + Level 3.7 Axes
 + Level 3.7 Maces & Flails
 + Level 3.7 Polearms
 + Level 3.7 Staves
 + Level 3.7 Slings
 + Level 3.7 Bows
 + Level 3.7 Crossbows
 + Level 3.7 Throwing
 + Level 3.7 Armour
 + Level 6.0 Dodging
 + Level 5.6 Stealth
 + Level 3.7 Shields
 + Level 3.7 Unarmed Combat
 + Level 6.3 Spellcasting
 + Level 3.0 Conjurations
 + Level 3.0 Hexes
 + Level 3.0 Summonings
 + Level 3.0 Necromancy
 + Level 3.0 Translocations
 + Level 3.0 Transmutations
 + Level 3.0 Fire Magic
 + Level 7.8 Ice Magic
 + Level 3.0 Air Magic
 + Level 3.0 Earth Magic
 + Level 3.0 Poison Magic
 + Level 4.1 Invocations
 + Level 3.7 Evocations


You had 8 spell levels left.
You knew the following spells:

 Your Spells              Type           Power      Damage    Failure   Level
a - Freeze                Ice            100%       1d11      1%          1
b - Frozen Ramparts       Ice            64%        1d8       1%          3
c - Ozocubu's Armour      Ice            32%        N/A       1%          3
d - Hailstorm             Conj/Ice       23%        3d7       13%         4

Your spell library contained the following spells:

 Spells                   Type           Power      Damage    Failure   Level
 Pain                     Necr           60%        1d7       3%          1
 Slow                     Hex            15%        N/A       5%          2
 Confusing Touch          Hex            15%        N/A       11%         3
 Portal Projectile        Hex/Tloc       30%        N/A       11%         3
 Vampiric Draining        Necr           7%         2d7       11%         3
 Agony                    Necr           15%        N/A       69%         5
 Blade Hands              Tmut           7%         N/A       69%         5
 Excruciating Wounds      Necr           7%         N/A       69%         5
 Yara's Violent Unravell  Hex/Tmut       7%         3d5       69%         5


Dungeon Overview and Level Annotations

Branches:
Dungeon (7/15)             Temple (1/1) D:7

Altars:
Ashenzari
Cheibriados
Dithmenos
Fedhas
Gozag
Kikubaaqudgha
Nemelex Xobeh
Okawaru
Qazlal
Ru
Sif Muna
Trog
Uskayaw
Vehumet
Wu Jian
Yredelemnul
Zin
The Shining One

Shops:
D:4 *


Innate Abilities, Weirdness & Mutations

You have very sharp teeth.
Your uncanny sense of smell can sniff out nearby items.
Your experience applies equally to all skills.


Message History

Press: ? - help, Dir - look around, f - activate The walls around you are covered in ice.
The wall freezes the two-headed ogre!
The two-headed ogre hits you with a +0 giant spiked club!
The two-headed ogre hits you with a +0 giant club!
Unknown command.
Casting: Frozen Ramparts (safe; 1% risk of failure)
Confirm with . or Enter, or press ? or * to list all spells.
Aiming: Freeze (safe; 1% risk of failure)
Press: ? - help, Shift-Dir - straight line, f - two-headed ogre
Aim: a two-headed ogre, wielding a +0 giant spiked club and a +0 giant club (lightly wounded)
You freeze the two-headed ogre!
The two-headed ogre is moderately wounded.
The wall freezes the two-headed ogre.
The two-headed ogre hits you with a +0 giant spiked club!
The two-headed ogre closely misses you.
Casting: Freeze (safe; 1% risk of failure)
Confirm with . or Enter, or press ? or * to list all spells.
A film of ice covers your body!
The wall freezes the two-headed ogre!
The two-headed ogre barely misses you.
The two-headed ogre hits you with a +0 giant club!
* * * LOW HITPOINT WARNING * * *
Unknown command.
Unknown command.
Casting: Ozocubu's Armour (safe; 1% risk of failure)
Confirm with . or Enter, or press ? or * to list all spells.
Okay, then.
Okay, then.
As you read the scroll of teleportation, it crumbles to dust.
You feel strangely unstable.
Casting: Ozocubu's Armour (safe; 1% risk of failure)
Confirm with . or Enter, or press ? or * to list all spells.
Aiming: Freeze (safe; 1% risk of failure)
Press: ? - help, Shift-Dir - straight line, f/p - two-headed ogre
Aim: a two-headed ogre, wielding a +0 giant spiked club and a +0 giant club (heavily wounded)
You freeze the two-headed ogre.
The two-headed ogre is heavily wounded.
The wall freezes the two-headed ogre.
The two-headed ogre hits you with a +0 giant spiked club!!
You die...

.######### #..####...............
.......# ##.####...............
.......######.#.................#
.........†......###......#.....##
.......#######.####...##########
#####..# #...##...# #∆ #..#
###..#...# # #..# ######..)..# #
#..#####...O@.....# ##
###......######...# ..##...######
#...# #.#..### ##### .#.#.##
.#.#.# ...#.# ##O.# ####


You could see a two-headed ogre.

Vanquished Creatures
  2 water moccasins
  A sky beast (D:7)
  An orc warrior (D:6)
  An ogre (D:2)
  3 scorpions
  A water moccasin zombie (D:5)
  2 centaur zombies (D:7)
  2 gnoll shamans
  2 jellies
  A bullfrog skeleton (D:6)
  4 hounds
  2 orc priests (D:4)
  A centaur skeleton (D:6)
  2 iguanas
  2 orc wizards
  A hound zombie (D:5)
  20 gnolls
  5 adders
  3 ufetubi
  A worm (D:4)
  11 dart slugs
  12 orcs
  6 ball pythons
  8 endoplasms
  4 giant cockroaches
  4 goblins
  9 hobgoblins
  11 jackals
  5 quokkas
  4 bats
  2 frilled lizards
  3 kobolds
  A rat (D:3)
137 creatures vanquished.

Notes
Turn   | Place    | Note
-------+----------+-------------------------------------------
     0 | D:1      | Illumine the Gnoll Ice Elementalist began the quest for the
                  | Orb.
     0 | D:1      | Reached XP level 1. HP: 13/13 MP: 6/6
   124 | D:1      | Found a faded altar of an unknown god.
   195 | D:1      | Reached XP level 2. HP: 19/19 MP: 4/7
   470 | D:1      | Reached XP level 3. HP: 25/25 MP: 7/9
   544 | D:1      | Reached skill level 5 in Spellcasting
   917 | D:2      | Reached skill level 1 in Invocations
  1083 | D:2      | Learned a level 3 spell: Frozen Ramparts
  1087 | D:2      | Learned a level 3 spell: Ozocubu's Armour
  1209 | D:2      | Reached skill level 1 in Fighting
  1209 | D:2      | Reached skill level 1 in Short Blades
  1209 | D:2      | Reached skill level 1 in Long Blades
  1209 | D:2      | Reached skill level 1 in Axes
  1209 | D:2      | Reached skill level 1 in Maces & Flails
  1209 | D:2      | Reached skill level 1 in Polearms
  1209 | D:2      | Reached skill level 1 in Staves
  1209 | D:2      | Reached skill level 1 in Slings
  1209 | D:2      | Reached skill level 1 in Bows
  1209 | D:2      | Reached skill level 1 in Crossbows
  1209 | D:2      | Reached skill level 1 in Throwing
  1209 | D:2      | Reached skill level 1 in Armour
  1209 | D:2      | Reached skill level 1 in Shields
  1209 | D:2      | Reached skill level 1 in Unarmed Combat
  1209 | D:2      | Reached skill level 1 in Evocations
  1631 | D:2      | Reached XP level 4. HP: 25/32 MP: 6/11
  1638 | D:2      | Reached skill level 1 in Conjurations
  1638 | D:2      | Reached skill level 1 in Hexes
  1638 | D:2      | Reached skill level 1 in Summonings
  1638 | D:2      | Reached skill level 1 in Necromancy
  1638 | D:2      | Reached skill level 1 in Translocations
  1638 | D:2      | Reached skill level 1 in Transmutations
  1638 | D:2      | Reached skill level 1 in Fire Magic
  1638 | D:2      | Reached skill level 1 in Air Magic
  1638 | D:2      | Reached skill level 1 in Earth Magic
  1638 | D:2      | Reached skill level 1 in Poison Magic
  1884 | D:2      | Noticed an ogre
  1898 | D:2      | Killed an ogre
  1899 | D:2      | Reached XP level 5. HP: 37/37 MP: 3/12
  2239 | D:3      | Reached XP level 6. HP: 20/44 MP: 8/13
  2409 | D:3      | Learned a level 4 spell: Hailstorm
  2747 | D:3      | You are sucked into a shaft and drop 2 floors!
  2747 | D:5      | Entered Level 5 of the Dungeon
  2827 | D:4      | Found a shimmering blue altar of Sif Muna.
  2841 | D:4      | Reached skill level 5 in Dodging
  3835 | D:4      | Reached XP level 7. HP: 49/50 MP: 8/15
  3942 | D:4      | Found an ornate altar of the Wu Jian Council.
  3946 | D:4      | Found a basalt altar of Yredelemnul.
  4036 | D:4      | Found a stormy altar of Qazlal.
  4039 | D:4      | Noticed a water elemental
  4041 | D:4      | Noticed a fire elemental
  4045 | D:4      | Noticed an air elemental
  4106 | D:4      | Found a broken altar of Ashenzari.
  4326 | D:4      | Found Ducynn's Neck Hole.
  4765 | D:5      | Reached skill level 5 in Stealth
  5059 | D:5      | Reached XP level 8. HP: 52/57 MP: 8/16
  5906 | D:6      | Found a hide-covered altar of Uskayaw.
  6599 | D:7      | Found a staircase to the Ecumenical Temple.
  6700 | Temple   | Entered the Ecumenical Temple
  6739 | Temple   | Became a worshipper of Cheibriados the Contemplative
  6950 | D:7      | Noticed a two-headed ogre
  7123 | D:7      | Mangled by a two-headed ogre

Illustrated notes

Levels and vault maps discovered:
D:1:      lemuel_arrival_lava_pool, layout_basic,
          shapermc_ecumenical_altar_acropolis
D:2:      layout_loops_corners, solitary_fountain, minmay_pentomino_o4
D:3:      layout_loops_ring, kennysheep_crisscross, grunt_ministairs_3,
          minmay_tree_intersection, minivault_27
D:4:      kennysheep_slugbush, layout_basic, lemuel_tele_altar,
          cheibrodos_ashenzari_chains, nicolae_qazlal_style_of_elements,
          mainiacjoe_overflow_catwalk_spiral, nicolae_shop_sticking_my_neck_out
D:5:      layout_loops_ring
D:6:      layout_basic, nicolae_uskayaw_suspiria
D:7:      layout_rooms, mainiacjoe_overflow_swirl, temple_pool_b, serial_shops,
          nicolae_shop_window_shopping
Temple:   minmay_temple_bridge_abc

Skill      XL: |  1  2  3  4  5  6  7  8 |
---------------+-------------------------+-----
Spellcasting   | 5 6 |  6.3
Invocations    | 1 2 3 4 |  4.1
Fighting       | 1 2 3 |  3.7
Short Blades   | 1 2 3 |  3.7
Long Blades    | 1 2 3 |  3.7
Axes           | 1 2 3 |  3.7
Maces & Flails | 1 2 3 |  3.7
Polearms       | 1 2 3 |  3.7
Staves         | 1 2 3 |  3.7
Slings         | 1 2 3 |  3.7
Bows           | 1 2 3 |  3.7
Crossbows      | 1 2 3 |  3.7
Throwing       | 1 2 3 |  3.7
Armour         | 1 2 3 |  3.7
Shields        | 1 2 3 |  3.7
Unarmed Combat | 1 2 3 |  3.7
Evocations     | 1 2 3 |  3.7
Conjurations   | 1 2 3 |  3.0
Hexes          | 1 2 3 |  3.0
Summonings     | 1 2 3 |  3.0
Necromancy     | 1 2 3 |  3.0
Translocations | 1 2 3 |  3.0
Transmutations | 1 2 3 |  3.0
Fire Magic     | 1 2 3 |  3.0
Air Magic      | 1 2 3 |  3.0
Earth Magic    | 1 2 3 |  3.0
Poison Magic   | 1 2 3 |  3.0
Dodging        | 5 6 |  6.0
Stealth        | 5 |  5.6
Ice Magic      | |  7.8

Action                   |  1- 3 |  4- 6 |  7- 9 || total
-------------------------+-------+-------+-------++-------
Melee: Spear             |    25 |    82 |    18 ||   125
       Punch             |     1 |       |     1 ||     2
       Bite              |       |     2 |    10 ||    12
       Whip              |       |       |    76 ||    76
       Morningstar       |       |       |     8 ||     8
       Quarterstaff      |       |       |     5 ||     5
 Cast: Freeze            |    45 |    46 |    45 ||   136
       Frozen Ramparts   |     1 |    10 |    17 ||    28
       Ozocubu's Armour  |       |     1 |     4 ||     5
  Use: Scroll            |       |     1 |     2 ||     3
 Stab: Sleeping          |     2 |     4 |     3 ||     9
       Distracted        |     1 |       |       ||     1
Armor: Robe              |    10 |    14 |    52 ||    76
Dodge: Dodged            |    32 |    58 |   127 ||   217
